IL
COLUMBUS JETS @ COLUMBUS CLIPPERS
04/16/1982
 
TOP OF THE 1ST
Columbus Jets batting - Pitching for Columbus Clippers : RHP Gene Nelson
Pitching: RHP Gene Nelson
Batting: LHB Craig Brooks 0-0: Ball
1-0: Swinging Strike
1-1: Ground out 1-3 (Groundball, 13S, EV 70.6 MPH)
Batting: RHB Greg Schultz 0-0: Foul Ball, location: 2F
0-1: Ball
1-1: Ball
2-1: Swinging Strike
2-2: Strikes out looking
Batting: RHB Danny Tartabull 0-0: Ball
1-0: Called Strike
1-1: Foul Ball, location: 2F
1-2: Strikes out swinging
Top of the 1st over - 0 runs, 0 hits, 0 errors, 0 left on base; Columbus 0 - Columbus 0
BOTTOM OF THE 1ST
Columbus Clippers batting - Pitching for Columbus Jets : RHP Gabriel Franqui
Pitching: RHP Gabriel Franqui
Batting: LHB Elijah Bonaparte 0-0: Called Strike
0-1: Ground out 6-3 (Groundball, 6, EV 85.6 MPH)
Batting: RHB Javier Leyva 0-0: Ball
1-0: Ball
2-0: Ball
3-0: Called Strike
3-1: Called Strike
3-2: Fly out, F8 (Flyball, 8LXD, EV 83.8 MPH)
Batting: RHB Rod Allen 0-0: Swinging Strike
0-1: Swinging Strike
0-2: Ground out 6-3 (Groundball, 56, EV 90.0 MPH)
Bottom of the 1st over - 0 runs, 0 hits, 0 errors, 0 left on base; Columbus 0 - Columbus 0
TOP OF THE 2ND
Columbus Jets batting - Pitching for Columbus Clippers : RHP Gene Nelson
Batting: LHB Larry Sheets 0-0: Ball
1-0: Ball
2-0: Foul Ball, location: 2F
2-1: Foul Ball, location: 2F
2-2: Ground out 5-3 (Groundball, 56, EV 103.1 MPH)
Batting: RHB Jim Maler 0-0: Called Strike
0-1: Foul Ball, location: 2F
0-2: SOLO HOME RUN (Flyball, 7LD, EV 93.1 MPH), Distance : 361 ft
Batting: RHB Michael Ventress 0-0: Called Strike
0-1: Foul Ball, location: 2F
0-2: DOUBLE (Line Drive, 9LM, EV 97.5 MPH)
Batting: RHB Glenn Goya 0-0: Fly out, F3 (Popup, 3S, EV 68.1 MPH)
Batting: RHB Ray Smith 0-0: Called Strike
0-1: SINGLE (Groundball, 4M, EV 99.4 MPH)
Michael Ventress to third
Runner from 3rd tries for Home, SAFE, throw by CF to home
Ray Smith to second
Batting: RHB Jackie Gutierrez 0-0: Ball
1-0: Foul Ball, location: 2F
1-1: Foul Ball, location: 2F
1-2: Ball
2-2: Strikes out swinging
Top of the 2nd over - 2 runs, 3 hits, 0 errors, 1 left on base; Columbus 2 - Columbus 0
BOTTOM OF THE 2ND
Columbus Clippers batting - Pitching for Columbus Jets : RHP Gabriel Franqui
Batting: LHB Barry Butera 0-0: Called Strike
0-1: Foul Ball, location: 2F
0-2: Strikes out swinging
Batting: LHB Jordan Medrano 0-0: Ball
1-0: Fly out, F9 (Flyball, 9D, EV 101.9 MPH)
Batting: RHB Donell Nixon 0-0: Bunt for hit to 13 - play at first, batter OUT! 1-3
Bottom of the 2nd over - 0 runs, 0 hits, 0 errors, 0 left on base; Columbus 2 - Columbus 0
TOP OF THE 3RD
Columbus Jets batting - Pitching for Columbus Clippers : RHP Gene Nelson
Batting: LHB Craig Brooks 0-0: Ball
1-0: Ground out 5-3 (Groundball, 5, EV 93.8 MPH)
Batting: RHB Greg Schultz 0-0: Ball
1-0: Called Strike
1-1: Ground out 4-3 (Groundball, 4, EV 106.9 MPH)
Batting: RHB Danny Tartabull 0-0: Ball
1-0: Ground out 6-3 (Groundball, 6, EV 89.4 MPH)
Top of the 3rd over - 0 runs, 0 hits, 0 errors, 0 left on base; Columbus 2 - Columbus 0
BOTTOM OF THE 3RD
Columbus Clippers batting - Pitching for Columbus Jets : RHP Gabriel Franqui
Batting: RHB Larry Bowie 0-0: Ball
1-0: Ground out 2-3 (Groundball, 15S, EV 68.8 MPH)
Batting: RHB Luis Aguayo 0-0: Called Strike
0-1: Ball
1-1: Foul Ball, location: 2F
1-2: Ground out 6-3 (Groundball, 4MD, EV 103.8 MPH)
Batting: RHB Alex Rodriguez 0-0: Ball
1-0: Ball
2-0: Called Strike
2-1: Foul Ball, location: 2F
2-2: DOUBLE (Flyball, 89XD, EV 103.8 MPH)
Batting: LHB Elijah Bonaparte 0-0: Foul Ball, location: 2F
0-1: Fly out, F7 (Line Drive, 7, EV 96.3 MPH)
Bottom of the 3rd over - 0 runs, 1 hit, 0 errors, 1 left on base; Columbus 2 - Columbus 0
TOP OF THE 4TH
Columbus Jets batting - Pitching for Columbus Clippers : RHP Gene Nelson
Batting: LHB Larry Sheets 0-0: Called Strike
0-1: Ball
1-1: Ball
2-1: Ball
3-1: Foul Ball, location: 2F
3-2: Reached on error, E6 (Groundball, 6M, EV 101.3 MPH)
Batting: RHB Jim Maler 0-0: Ball
1-0: Swinging Strike
1-1: DOUBLE (Flyball, 89D, EV 115.0 MPH)
Larry Sheets to third
Batting: RHB Michael Ventress 0-0: Ball
1-0: Foul Ball, location: 2F
1-1: Ball
2-1: Called Strike
2-2: SINGLE (Groundball, 6M, EV 102.5 MPH)
Larry Sheets scores
Jim Maler to third
Runner from 3rd tries for Home, SAFE, throw by CF to home
Batting: RHB Glenn Goya 0-0: Ball
1-0: Ball
2-0: Ball
3-0: Base on Balls
Michael Ventress to second
Batting: RHB Ray Smith 0-0: Called Strike
0-1: Foul Ball, location: 2F
0-2: Strikes out swinging
Batting: RHB Jackie Gutierrez 0-0: Foul Ball, location: 2F
0-1: Grounds into double play, 6-4-3 (Groundball, 6, EV 88.8 MPH)
Top of the 4th over - 2 runs, 2 hits, 1 error, 1 left on base; Columbus 4 - Columbus 0
BOTTOM OF THE 4TH
Columbus Clippers batting - Pitching for Columbus Jets : RHP Gabriel Franqui
Batting: RHB Javier Leyva 0-0: Ground out 4-3 (Groundball, 4, EV 89.4 MPH)
Batting: RHB Rod Allen 0-0: Fly out, F9 (Flyball, 9, EV 84.4 MPH)
Batting: LHB Barry Butera 0-0: Called Strike
0-1: Ball
1-1: Fly out, F8 (Flyball, 8LS, EV 87.5 MPH)
Bottom of the 4th over - 0 runs, 0 hits, 0 errors, 0 left on base; Columbus 4 - Columbus 0
TOP OF THE 5TH
Columbus Jets batting - Pitching for Columbus Clippers : RHP Gene Nelson
Batting: LHB Craig Brooks 0-0: Called Strike
0-1: SINGLE (Line Drive, 34, EV 96.9 MPH)
Batting: RHB Greg Schultz 0-0: Swinging Strike
Craig Brooks steals 2nd base
0-1: Called Strike
0-2: Strikes out swinging
Batting: RHB Danny Tartabull 0-0: Ball
Craig Brooks is caught stealing 3rd base 2-5
1-0: Ball
2-0: Foul Ball, location: 2F
2-1: Called Strike
2-2: Strikes out swinging, 2-3 out at first.
Top of the 5th over - 0 runs, 1 hit, 0 errors, 0 left on base; Columbus 4 - Columbus 0
BOTTOM OF THE 5TH
Columbus Clippers batting - Pitching for Columbus Jets : RHP Gabriel Franqui
Batting: LHB Jordan Medrano 0-0: Called Strike
0-1: Fly out, F7 (Flyball, 7D, EV 85.6 MPH)
Batting: RHB Donell Nixon 0-0: Ball
1-0: Foul Ball, location: 2F
1-1: Ball
2-1: Reached on error, E6 (Groundball, 6S, EV 90.6 MPH)
Batting: RHB Larry Bowie 0-0: Called Strike
0-1: Called Strike
0-2: Ball
1-2: Fly out, F9 (Flyball, 9D, EV 96.9 MPH)
Batting: RHB Luis Aguayo 0-0: Called Strike
Donell Nixon is caught stealing 2nd base 2-4
Bottom of the 5th over - 0 runs, 0 hits, 1 error, 0 left on base; Columbus 4 - Columbus 0
TOP OF THE 6TH
Columbus Jets batting - Pitching for Columbus Clippers : RHP Gene Nelson
Batting: LHB Larry Sheets 0-0: Called Strike
0-1: Swinging Strike
0-2: Ball
1-2: Foul Ball, location: 2F
1-2: Ball
2-2: Strikes out swinging
Batting: RHB Jim Maler 0-0: Ball
1-0: Foul Ball, location: 2F
1-1: Foul Ball, location: 2F
1-2: Ground out 6-3 (Groundball, 6MS, EV 63.8 MPH)
Batting: RHB Michael Ventress 0-0: Called Strike
0-1: Ball
1-1: Swinging Strike
1-2: Strikes out swinging
Top of the 6th over - 0 runs, 0 hits, 0 errors, 0 left on base; Columbus 4 - Columbus 0
BOTTOM OF THE 6TH
Columbus Clippers batting - Pitching for Columbus Jets : RHP Gabriel Franqui
Batting: RHB Luis Aguayo 0-0: Ball
1-0: Ball
2-0: Swinging Strike
2-1: Swinging Strike
2-2: Strikes out swinging, 2-3 out at first.
Batting: RHB Alex Rodriguez 0-0: Ball
1-0: Called Strike
1-1: Ball
2-1: Called Strike
2-2: Ball
3-2: Foul Ball, location: 2F
3-2: Base on Balls
Batting: LHB Elijah Bonaparte 0-0: Ball
1-0: Called Strike
1-1: Ball
2-1: Ball
3-1: Swinging Strike
3-2: Foul Ball, location: 2F
3-2: Base on Balls
Alex Rodriguez to second
Batting: RHB Javier Leyva 0-0: Called Strike
0-1: Ball
1-1: Foul Ball, location: 2F
1-2: Strikes out looking
Batting: RHB Rod Allen 0-0: Called Strike
0-1: Foul Ball, location: 2F
0-2: Fielders Choice at 2nd, 5-4 (Groundball, 56, EV 76.3 MPH)
Bottom of the 6th over - 0 runs, 0 hits, 0 errors, 2 left on base; Columbus 4 - Columbus 0
TOP OF THE 7TH
Columbus Jets batting - Pitching for Columbus Clippers : RHP Gene Nelson
Batting: RHB Glenn Goya 0-0: Ball
1-0: Ball
2-0: DOUBLE (Line Drive, 9LM, EV 109.4 MPH)
Batting: RHB Ray Smith 0-0: Ball
1-0: Ball
2-0: Ball
3-0: Base on Balls
Batting: RHB Jackie Gutierrez 0-0: Ball
1-0: Bunted foul
1-1: Bunted foul
1-2: Ball
2-2: Strikes out looking
Batting: LHB Craig Brooks 0-0: Ball
1-0: Foul Ball, location: 2F
1-1: Foul Ball, location: 2F
1-2: Strikes out swinging
Batting: RHB Greg Schultz 0-0: Ball
1-0: Ball
2-0: Reached on error, E6 (Groundball, 6S, EV 90.0 MPH)
Glenn Goya to third
Ray Smith to second
Batting: RHB Danny Tartabull 0-0: SINGLE (Groundball, 56D, EV 104.4 MPH)
Glenn Goya scores
Ray Smith to third
Greg Schultz to second
Runner from 3rd tries for Home, SAFE, throw by LF to home
Pitching: RHP Silvio Martinez
Batting: LHB Larry Sheets 0-0: SINGLE (Groundball, 4MS, EV 69.4 MPH) (infield hit)
Greg Schultz to third
Danny Tartabull to second
Batting: RHB Jim Maler 0-0: Ground out 5-3 (Groundball, 56S, EV 74.4 MPH)
Top of the 7th over - 2 runs, 3 hits, 1 error, 3 left on base; Columbus 6 - Columbus 0
BOTTOM OF THE 7TH
Columbus Clippers batting - Pitching for Columbus Jets : RHP Gabriel Franqui
Batting: LHB Barry Butera 0-0: Called Strike
0-1: Fly out, F1 (Popup, 15, EV 75.6 MPH)
Batting: LHB Jordan Medrano 0-0: Ball
1-0: Foul Ball, location: 2F
1-1: Ball
2-1: Foul Ball, location: 2F
2-2: Foul Ball, location: 2F
2-2: SINGLE (Flyball, 34D, EV 84.4 MPH)
Batting: RHB Donell Nixon 0-0: Ball
1-0: Foul Ball, location: 2F
1-1: Ball
2-1: Foul Ball, location: 2F
2-2: Foul Ball, location: 2F
2-2: Ball
3-2: Fly out, F8 (Flyball, 8RD, EV 98.8 MPH)
Batting: RHB Larry Bowie 0-0: Ball
1-0: Called Strike
1-1: Called Strike
1-2: Ball
2-2: Ball
3-2: Strikes out looking
Bottom of the 7th over - 0 runs, 1 hit, 0 errors, 1 left on base; Columbus 6 - Columbus 0
TOP OF THE 8TH
Columbus Jets batting - Pitching for Columbus Clippers : RHP Silvio Martinez
Batting: RHB Michael Ventress 0-0: Called Strike
0-1: Swinging Strike
0-2: Foul Ball, location: 2F
0-2: Ball
1-2: Strikes out swinging
Batting: RHB Glenn Goya 0-0: Called Strike
0-1: Ball
1-1: Called Strike
1-2: Foul Ball, location: 2F
1-2: Strikes out swinging
Batting: RHB Ray Smith 0-0: Ball
1-0: Ball
2-0: Ball
3-0: Called Strike
3-1: Foul Ball, location: 2F
3-2: Foul Ball, location: 2F
3-2: Ground out 5-3 (Groundball, 56, EV 108.1 MPH)
Top of the 8th over - 0 runs, 0 hits, 0 errors, 0 left on base; Columbus 6 - Columbus 0
BOTTOM OF THE 8TH
Columbus Clippers batting - Pitching for Columbus Jets : RHP Gabriel Franqui
Batting: RHB Luis Aguayo 0-0: Ground out 6-3 (Groundball, 6, EV 89.4 MPH)
Batting: RHB Alex Rodriguez 0-0: Ball
1-0: Called Strike
1-1: Ball
2-1: Foul Ball, location: 2F
2-2: Foul Ball, location: 2F
2-2: Foul Ball, location: 2F
2-2: Foul Ball, location: 2F
2-2: Foul Ball, location: 2F
2-2: Ball
3-2: Foul Ball, location: 2F
3-2: Base on Balls
Batting: LHB Elijah Bonaparte 0-0: Ball
1-0: Called Strike
1-1: Called Strike
1-2: Strikes out swinging
Batting: RHB Javier Leyva 0-0: Ball
1-0: Foul Ball, location: 2F
1-1: Ball
2-1: Ball
3-1: Foul Ball, location: 2F
3-2: Strikes out swinging
Bottom of the 8th over - 0 runs, 0 hits, 0 errors, 1 left on base; Columbus 6 - Columbus 0
TOP OF THE 9TH
Columbus Jets batting - Pitching for Columbus Clippers : RHP Silvio Martinez
Batting: RHB Jackie Gutierrez 0-0: Ball
1-0: Ball
2-0: Ball
3-0: Called Strike
3-1: Foul Ball, location: 2F
3-2: Strikes out swinging
Batting: LHB Craig Brooks 0-0: Ball
1-0: Ball
2-0: Fly out, F9 (Line Drive, 9, EV 87.5 MPH)
Batting: RHB Greg Schultz 0-0: Ball
1-0: Ball
2-0: Called Strike
2-1: Called Strike
2-2: Ball
3-2: Foul Ball, location: 2F
3-2: Foul Ball, location: 2F
3-2: SINGLE (Flyball, 78S, EV 100.0 MPH)
Batting: RHB Danny Tartabull 0-0: Foul Ball, location: 2F
0-1: Called Strike
0-2: Strikes out swinging
Top of the 9th over - 0 runs, 1 hit, 0 errors, 1 left on base; Columbus 6 - Columbus 0
BOTTOM OF THE 9TH
Columbus Clippers batting - Pitching for Columbus Jets : RHP Gabriel Franqui
Batting: RHB Rod Allen 0-0: Called Strike
0-1: Ball
1-1: Ball
2-1: Fly out, F8 (Line Drive, 8RD, EV 93.1 MPH)
Batting: LHB Barry Butera 0-0: Ball
1-0: SOLO HOME RUN (Flyball, 9D, EV 101.3 MPH), Distance : 374 ft
Batting: LHB Jordan Medrano 0-0: Called Strike
0-1: Ball
1-1: Ball
2-1: Foul Ball, location: 2F
2-2: Ball
3-2: DOUBLE (Flyball, 89D, EV 95.6 MPH)
Batting: RHB Donell Nixon 0-0: Ground out 5-3 (Groundball, 56S, EV 69.4 MPH)
Jordan Medrano to third
Batting: RHB Larry Bowie 0-0: Fly out, F9 (Flyball, 9D, EV 101.3 MPH)
Bottom of the 9th over - 1 run, 2 hits, 0 errors, 1 left on base; Columbus 6 - Columbus 1
Tuesday, July 21st, 2020 - OOTP Baseball 21.4 Build 63